Map: Odyssey LE

Players

RiSky - Winner!

  • Race: Zerg Zerg
  • League: Master
  • Spawn Location: 5:00

NightEnD

  • Race: Protoss Protoss
  • League: Master
  • Spawn Location: 11:00

VOD

Have the link to the VOD?

Description

Time

  • Played on: Nov. 16, 2017, 4:57 p.m.
  • Length: 17:07
Show
View Real Time Build Order
Export as new Build Order

RiSky Zerg - Winner!

Build Orders: Hatch First, Lurkers 

Get SALT Encoding   

  12  0:01  Drone  
  13  0:12  Overlord  
  13  0:17  Drone  
  14  0:30  Drone x2  
  14  0:34  Drone  
  17  0:52  Hatchery  
  17  0:55  Drone  
  17  0:58  Drone  
  18  1:08  Extractor  
  17  1:12  Spawning Pool  
  17  1:16  Drone  
  17  1:19  Drone  
  18  1:28  Drone  
  19  1:39  Overlord  
  19  1:49  Drone  
  20  1:59  Queen  
  20  2:00  Zergling x2  
  23  2:03  Queen  
  23  2:04  Zergling x2  
  26  2:09  Metabolic Boost  
  26  2:11  Drone  
  26  2:15  Drone  
  28  2:21  Drone  
  29  2:27  Drone  
  30  2:37  Hatchery  
  30  2:39  Drone x2  
  31  2:45  Overlord  
  31  2:47  Drone  
  32  2:54  Drone  
  33  3:00  Zergling x2  
  34  3:05  Zergling x2  
  35  3:15  Drone x3  
  35  3:16  Overlord, Drone x2  
  35  3:19  Drone  
  41  3:22  Drone  
  41  3:25  Drone  
  42  3:29  Spore Crawler  
  41  3:35  Drone  
  41  3:39  Drone  
  41  3:40  Queen  
  45  3:43  Drone  
  45  3:46  Overlord  
  45  3:47  Drone  
  47  3:51  Drone  
  47  3:54  Drone  
  51  3:55  Drone x2  
  51  3:56  Drone  
  51  3:58  Drone  
  51  3:59  Drone  
  53  4:03  Overlord  
  53  4:04  Drone  
  53  4:10  Drone  
  53  4:11  Drone  
  53  4:12  Overlord  
  53  4:15  Evolution Chamber, Drone  
  55  4:17  Drone  
  55  4:19  Drone  
  55  4:20  Queen  
  59  4:24  Spore Crawler  
  59  4:25  Drone  
  57  4:33  Drone  
  57  4:34  Spore Crawler  
  57  4:35  Drone  
  58  4:40  Overlord  
  58  4:42  Drone  
  58  4:43  Drone  
  60  4:46  Zergling x8  
  60  4:47  Zergling x2  
  60  4:50  Zerg Melee Weapons Level 1  
  60  4:51  Drone  
  60  4:52  Baneling Nest  
  65  4:53  Drone  
  65  4:54  Drone  
  65  4:55  Overlord  
  65  4:58  Drone  
  68  5:00  Drone x2  
  68  5:01  Drone x2  
  68  5:04  Queen  
  68  5:06  Drone  
  75  5:10  Drone  
  75  5:13  Drone  
  77  5:15  Drone  
  77  5:16  Drone  
  77  5:18  Extractor x2, Queen, Drone  
  77  5:19  Extractor  
  77  5:20  Drone  
  80  5:22  Drone  
  80  5:27  Drone  
  82  5:30  Overlord  
  82  5:32  Drone  
  82  5:34  Drone  
  84  5:36  Overlord  
  84  5:37  Hatchery  
  84  5:39  Lair, Drone  
  84  5:40  Overlord  
  84  5:41  Drone  
  85  5:48  Overlord  
  85  5:49  Overlord  
  86  5:50  Drone  
  86  5:51  Zergling x8  
  86  5:54  Drone  
  86  5:55  Extractor  
  86  5:56  Extractor  
  89  5:59  Overlord  
  89  6:02  Drone  
  89  6:03  Hatchery  
  89  6:05  Drone  
  89  6:06  Drone  
  89  6:07  Drone  
  89  6:08  Drone  
  89  6:10  Baneling x2  
  93  6:12  Overlord  
  93  6:21  Zergling x2  
  93  6:22  Zergling x8  
  98  6:26  Pneumatized Carapace  
  98  6:28  Zergling x12  
  104  6:34  Overlord  
  104  6:35  Drone  
  104  6:36  Drone  
  106  6:44  Baneling x5  
  106  6:47  Zergling x10  
  106  6:49  Queen  
  106  6:52  Queen  
  106  6:53  Queen  
  116  6:58  Centrifical Hooks  
  116  6:59  Zerg Melee Weapons Level 2, Hydralisk Den  
  116  7:00  Drone  
  116  7:01  Overlord  
  116  7:03  Overlord, Drone x2  
  116  7:04  Drone  
  119  7:14  Queen x2  
  120  7:16  Spore Crawler  
  120  7:22  Drone x7  
  103  7:23  Drone x5  
  103  7:25  Queen  
  103  7:26  Drone  
  103  7:29  Drone  
  112  7:32  Drone  
  112  7:33  Drone  
  112  7:34  Drone x3  
  112  7:36  Drone x2  
  117  7:43  Spore Crawler  
  117  7:44  Spore Crawler  
  114  7:53  Spore Crawler  
  114  7:58  Spore Crawler  
  102  7:59  Spore Crawler  
  101  8:06  Muscular Augments  
  101  8:09  Infestation Pit, Spore Crawler  
  101  8:10  Drone x6  
  101  8:11  Drone x3  
  101  8:12  Spore Crawler  
  107  8:19  Hydralisk x4  
  111  8:23  Hydralisk  
  117  8:28  Hydralisk x2  
  117  8:29  Hydralisk  
  117  8:32  Hydralisk  
  125  8:36  Hydralisk x2  
  129  8:43  Hydralisk x4  
  137  8:56  Drone x2  
  139  9:03  Pathogen Glands  
  139  9:09  Overlord  
  139  9:15  Hatchery  
  138  9:19  Spore Crawler  
  138  9:22  Extractor, Spore Crawler, Infestor x2  
  138  9:23  Infestor x5  
  149  9:24  Zerg Missile Weapons Level 1  
  149  9:30  Hydralisk x2  
  152  9:35  Overlord  
  152  9:37  Overlord x2  
  152  9:38  Overlord  
  148  9:39  Zergling x2  
  148  9:40  Zergling x18  
  148  9:43  Lurker Den  
  157  9:49  Overlord  
  157  9:57  Zergling x2  
  157  9:58  Zergling x20  
  167  10:10  Hydralisk x11  
  189  10:19  Baneling  
  189  10:20  Baneling x7  
  189  10:24  Overlord x3  
  189  10:30  Overlord x2  
  186  10:47  Baneling x11  
  186  10:53  Extractor  
  186  10:55  Extractor  
  178  11:00  Hive  
  178  11:02  Spire, Overseer  
  178  11:03  Queen  
  179  11:08  Zergling x32  
  179  11:09  Zergling x6  
  194  11:27  Lurker x6  
  200  11:38  Burrow  
  175  12:17  Greater Spire  
  175  12:22  Evolution Chamber  
  167  12:30  Lurker x3  
  167  12:31  Zergling x26  
  167  12:32  Zergling x12  
  182  12:38  Spine Crawler  
  182  12:39  Spine Crawler x3  
  182  12:40  Spine Crawler  
  182  12:41  Spine Crawler  
  182  12:42  Spine Crawler x2  
  182  12:43  Adaptive Talons  
  172  12:47  Hydralisk x7  
  172  12:50  Zerg Missile Weapons Level 2  
  172  12:51  Zerg Ground Armor Level 1  
  186  12:52  Hydralisk  
  186  12:55  Hydralisk x3  
  194  13:01  Hydralisk  
  194  13:03  Hatchery  
  190  13:14  Hydralisk x3  
  190  13:15  Hydralisk x2  
  185  13:41  Hydralisk x5  
  185  13:42  Hydralisk x2  
  194  14:02  Lurker x5  
  200  14:03  Lurker x4  
  193  14:20  Zergling x2  
  193  14:21  Zergling x10  
  173  15:07  Hydralisk x14  
  186  15:18  Hydralisk x7  
  195  15:37  Hydralisk  
  195  15:38  Hydralisk x2  
  192  15:46  Hydralisk x8  
  198  15:52  Drone x3  
  198  15:54  Extractor  
  199  16:08  Spire  
  186  16:43  Hydralisk  
Show
View Real Time Build Order
Export as new Build Order

NightEnD Protoss 

Build Orders: 1 Gate Expand, Oracle Opening, Phoenix Opening 

Get SALT Encoding   

  12  0:00  Probe  
  13  0:13  Probe  
  14  0:25  Probe, Pylon  
  15  0:43  Probe (Chrono Boost)  
  15  0:44  Gateway  
  17  0:50  Assimilator  
  17  0:53  Probe (Chrono Boost)  
  17  0:58  Probe  
  18  1:10  Probe  
  19  1:22  Probe  
  20  1:29  Nexus  
  20  1:34  Probe  
  20  1:38  Cybernetics Core  
  21  1:46  Probe  
  22  1:50  Assimilator  
  22  1:54  Pylon  
  22  1:58  Probe  
  23  2:12  Probe  
  24  2:18  Warp Gate, Adept (Chrono Boost)  
  26  2:24  Probe  
  27  2:35  Adept (Chrono Boost)  
  27  2:37  Probe (Chrono Boost)  
  30  2:41  Probe (Chrono Boost)  
  31  2:45  Stargate  
  33  2:52  Adept  
  33  2:53  Probe (Chrono Boost)  
  33  2:57  Probe x2 (Chrono Boost)  
  36  3:00  Probe  
  37  3:07  Probe  
  37  3:11  Gateway  
  37  3:12  Probe  
  39  3:19  Probe  
  40  3:24  Probe  
  41  3:31  Probe  
  40  3:36  Probe  
  40  3:38  Oracle (Chrono Boost)  
  42  3:43  Adept, Probe, Pylon  
  45  3:49  Probe  
  45  3:54  Pylon  
  45  3:55  Assimilator x2  
  46  4:01  Probe x2  
  50  4:04  Phoenix (Chrono Boost)  
  48  4:15  Probe  
  49  4:19  Probe  
  50  4:27  Probe  
  50  4:28  Oracle (Chrono Boost)  
  54  4:31  Probe  
  54  4:39  Probe  
  54  4:43  Probe  
  56  4:51  Probe  
  57  4:54  Oracle  
  57  4:56  Stargate  
  57  4:57  Pylon  
  57  4:59  Probe  
  61  5:00  Pylon  
  61  5:03  Probe  
  61  5:04  Shield Battery  
  62  5:15  Probe x2  
  62  5:16  Adept x2  
  62  5:17  Nexus  
  68  5:21  Pylon  
  68  5:23  Pylon  
  68  5:27  Probe x2  
  73  5:39  Oracle (Chrono Boost), Probe x2  
  73  5:40  Adept  
  73  5:42  Adept  
  82  5:51  Probe (Chrono Boost)  
  82  5:55  Oracle (Chrono Boost)  
  82  5:56  Oracle (Chrono Boost)  
  87  5:59  Probe (Chrono Boost)  
  87  6:02  Pylon  
  87  6:03  Probe (Chrono Boost)  
  89  6:05  Probe x2 (Chrono Boost)  
  90  6:11  Oracle  
  90  6:16  Probe  
  94  6:20  Adept x2  
  94  6:23  Probe  
  99  6:25  Assimilator  
  99  6:28  Probe  
  99  6:29  Assimilator  
  99  6:31  Oracle  
  103  6:35  Probe  
  103  6:36  Probe  
  105  6:40  Probe  
  105  6:47  Oracle, Probe  
  106  6:49  Probe  
  111  6:54  Gateway  
  111  7:01  Gateway x2  
  111  7:02  Twilight Council  
  111  7:03  Forge  
  111  7:07  Oracle, Shield Battery  
  111  7:08  Forge  
  114  7:09  Pylon  
  114  7:10  Probe x2  
  114  7:18  Adept  
  114  7:19  Adept  
  108  7:31  Blink (Chrono Boost)  
  105  7:46  Robotics Facility  
  105  7:48  Photon Cannon  
  105  7:49  Photon Cannon  
  105  7:50  Protoss Ground Armor Level 1 (Chrono Boost), Protoss Ground Weapons Level 1 (Chrono Boost)  
  105  7:52  Adept x2  
  109  8:02  Stalker x3  
  115  8:09  Gateway  
  115  8:11  Gateway  
  115  8:13  Gateway  
  115  8:18  Photon Cannon, Pylon  
  115  8:19  Pylon  
  115  8:20  Photon Cannon, Pylon  
  115  8:23  Sentry x2  
  119  8:27  Sentry x3  
  119  8:32  Nexus  
  125  8:35  Pylon  
  125  8:36  Observer  
  125  8:38  Pylon  
  125  8:41  Pylon  
  126  8:51  Assimilator  
  126  8:53  Stalker x3, Sentry x2  
  136  8:57  Warp Prism  
  136  8:59  Photon Cannon  
  136  9:01  Photon Cannon  
  138  9:04  Photon Cannon  
  138  9:06  Photon Cannon  
  138  9:08  Protoss Ground Weapons Level 2 (Chrono Boost), Shield Battery  
  138  9:19  Stalker, Protoss Ground Armor Level 2 (Chrono Boost)  
  138  9:20  Stalker x4  
  148  9:25  Stalker  
  150  9:47  Pylon  
  150  9:49  Pylon  
  150  9:53  Stalker  
  150  9:54  Stalker x7  
  166  10:13  Observer (Chrono Boost)  
  167  10:18  Stalker x2  
  167  10:19  Stalker x5  
  167  10:20  Stalker  
  183  10:34  Charge  
  183  10:44  Stalker x4  
  183  10:45  Stalker x4  
  193  11:09  Stalker  
  193  11:10  Stalker x2  
  199  11:19  Robotics Facility  
  199  11:22  Robotics Facility  
  199  11:23  Protoss Ground Weapons Level 3 (Chrono Boost), Robotics Bay  
  199  11:27  Protoss Ground Armor Level 3 (Chrono Boost)  
  190  12:11  Zealot  
  190  12:12  Zealot x7  
  172  12:20  Colossus x3 (Chrono Boost)  
  174  12:41  Zealot x4  
  182  12:53  Zealot x4  
  182  12:58  Colossus (Chrono Boost)  
  179  13:31  Nexus  
  179  13:32  Pylon  
  179  13:33  Zealot x5  
  179  13:34  Zealot x2, Pylon  
  191  13:51  Colossus (Chrono Boost)  
  191  13:53  Colossus (Chrono Boost)  
  199  13:57  Photon Cannon  
  199  13:58  Photon Cannon  
  199  13:59  Photon Cannon, Colossus (Chrono Boost)  
  199  14:01  Photon Cannon  
  187  14:03  Photon Cannon  
  187  14:05  Photon Cannon, Zealot x3  
  187  14:06  Zealot x3  
  199  14:10  Shield Battery  
  199  14:12  Shield Battery  
  199  14:14  Shield Battery, Dark Shrine, Protoss Shields Level 1 (Chrono Boost)  
  199  14:18  Photon Cannon  
  199  14:19  Photon Cannon  
  199  14:23  Assimilator  
  200  14:25  Assimilator  
  200  14:32  Observer (Chrono Boost)  
  200  14:39  Stargate  
  200  14:40  Fleet Beacon  
  200  14:42  Photon Cannon, Gateway  
  200  14:44  Gateway  
  200  14:47  Gateway  
  200  14:49  Gateway  
  200  15:04  Zealot x7  
  117  15:26  Zealot x6  
  117  15:27  Zealot  
  127  15:31  Templar Archives  
  70  15:52  Zealot x7  
  82  15:59  Immortal x2 (Chrono Boost)  
  82  16:00  Immortal (Chrono Boost)  
  94  16:15  High Templar x9  
  94  16:16  High Templar x2  
  115  16:23  Archon x5  
  103  16:51  High Templar x2  
  103  16:52  High Templar x3  
  103  16:54  Zealot x5  
Tags
 
Add a new tag
Caveats
  • Supply blocks, unpowered buildings, or Contaminate may cause inaccurate times.
  • Supply counts are checked every 10 seconds.